Map: Catalyst LE

Players

Euclid - Winner!

  • Race: Terran Terran
  • League: Master
  • Spawn Location: 5:00

akira

  • Race: Protoss Protoss
  • League: Master
  • Spawn Location: 11:00

VOD

Have the link to the VOD?

Description

Time

  • Played on: Jan. 18, 2018, 1:34 a.m.
  • Length: 9:10
Show
View Real Time Build Order
Export as new Build Order

Euclid Terran - Winner!

Build Orders: MMM Bio 

Get SALT Encoding   

  12  0:00  SCV  
  13  0:12  SCV  
  14  0:17  Supply Depot  
  14  0:25  SCV  
  15  0:39  SCV  
  15  0:40  Barracks  
  16  0:51  SCV  
  16  0:52  Refinery  
  17  1:03  SCV  
  18  1:15  SCV  
  19  1:27  Marine, Orbital Command  
  20  1:40  Command Center  
  20  1:47  Barracks Tech Lab  
  20  1:53  Supply Depot  
  20  1:58  SCV  
  21  2:07  Concussive Shells, Marauder  
  23  2:15  SCV  
  24  2:18  Barracks  
  24  2:27  SCV  
  24  2:28  Marauder  
  27  2:39  SCV  
  27  2:41  Barracks  
  28  2:46  Refinery  
  28  2:50  Marauder  
  30  3:00  Stimpack  
  30  3:02  SCV  
  30  3:04  Orbital Command  
  31  3:12  Barracks Reactor  
  31  3:14  SCV  
  31  3:19  Marine  
  33  3:23  Engineering Bay  
  33  3:26  SCV  
  34  3:33  Barracks Tech Lab  
  34  3:35  SCV  
  34  3:37  Marine  
  34  3:38  SCV  
  37  3:47  SCV  
  38  3:50  SCV  
  38  3:55  Marauder  
  36  3:59  Marine x2, Marauder, Combat Shields  
  36  4:00  SCV  
  36  4:02  SCV  
  40  4:07  Supply Depot  
  40  4:10  Terran Infantry Weapons Level 1  
  40  4:13  SCV  
  40  4:14  SCV  
  46  4:24  Marauder x2  
  46  4:28  Marine x2  
  46  4:29  Supply Depot, SCV x2  
  50  4:39  Supply Depot  
  50  4:42  SCV  
  50  4:43  SCV  
  52  4:46  Marine x2  
  52  4:51  Marauder x2  
  58  4:58  SCV  
  58  5:04  Marine x2, SCV  
  58  5:05  Factory  
  61  5:07  Supply Depot  
  61  5:08  Refinery  
  61  5:10  SCV  
  61  5:12  Marauder x2  
  66  5:16  SCV  
  66  5:18  Supply Depot  
  67  5:22  SCV  
  67  5:27  Marine x2  
  70  5:30  SCV  
  70  5:34  Marauder x2, SCV  
  70  5:35  Supply Depot  
  76  5:36  Refinery  
  76  5:45  Marine x2  
  76  5:49  Factory Reactor, Starport  
  77  5:54  SCV x2  
  77  5:55  Marauder x2  
  74  6:06  SCV x2  
  74  6:10  Marine x2  
  76  6:16  Terran Infantry Armor Level 1, Marauder x2  
  76  6:17  Barracks  
  76  6:18  SCV x2  
  82  6:19  Barracks  
  82  6:28  Marine x2  
  84  6:33  Factory Reactor  
  84  6:36  Medivac x2  
  84  6:39  Marauder x2  
  89  6:40  SCV  
  89  6:45  Marine  
  89  6:46  Marine, Supply Depot  
  89  6:47  Supply Depot  
  92  7:00  Marauder  
  94  7:06  Supply Depot x2  
  94  7:07  Marine x2  
  94  7:08  Marauder, Barracks Tech Lab  
  98  7:09  Barracks Reactor  
  98  7:14  Medivac, Widow Mine x2  
  98  7:15  Medivac  
  108  7:23  Marauder  
  108  7:25  Marine  
  108  7:29  Marauder  
  111  7:35  Marine  
  111  7:36  Marauder  
  111  7:48  Marine x2, Marauder  
  111  7:51  Marauder  
  102  8:12  Marine x3, Marauder x3  
  111  8:16  Medivac x2  
  111  8:17  Widow Mine x2  
  119  8:24  Marine  
  120  8:30  Marine x2  
  120  8:31  Armory  
  120  8:33  Marauder  
  120  8:34  Marauder  
  126  8:39  Command Center  
  126  8:47  Marauder  
Show
View Real Time Build Order
Export as new Build Order

akira Protoss 

Build Orders: 1 Gate Expand, Blink Stalkers 

Get SALT Encoding   

  12  0:01  Probe  
  13  0:13  Probe  
  14  0:17  Pylon  
  14  0:25  Probe  
  15  0:36  Gateway  
  15  0:38  Probe (Chrono Boost)  
  16  0:48  Probe (Chrono Boost), Assimilator  
  17  0:53  Probe (Chrono Boost)  
  18  1:05  Probe  
  19  1:22  Nexus  
  19  1:34  Cybernetics Core  
  19  1:36  Probe (Chrono Boost)  
  20  1:40  Assimilator  
  20  1:46  Probe (Chrono Boost)  
  21  1:51  Pylon  
  21  1:54  Probe  
  22  2:06  Probe  
  23  2:09  Stalker (Chrono Boost)  
  23  2:13  Warp Gate  
  25  2:19  Probe  
  26  2:31  Probe  
  26  2:32  Twilight Council  
  26  2:34  Probe  
  28  2:39  Stalker  
  28  2:43  Probe  
  31  2:46  Probe  
  32  2:55  Probe  
  32  2:58  Probe  
  34  3:03  Blink (Chrono Boost)  
  34  3:07  Probe  
  34  3:10  Probe  
  36  3:12  Gateway  
  36  3:19  Gateway  
  36  3:21  Probe  
  36  3:24  Probe  
  38  3:27  Shield Battery  
  38  3:33  Probe  
  37  3:37  Probe  
  36  3:44  Stalker  
  36  3:45  Probe  
  35  3:49  Probe  
  36  3:57  Probe  
  36  4:01  Probe  
  37  4:09  Probe  
  38  4:13  Probe  
  39  4:18  Stalker  
  39  4:19  Stalker  
  39  4:21  Stalker, Probe  
  46  4:27  Pylon  
  46  4:36  Nexus  
  46  4:43  Assimilator  
  48  4:45  Probe x2  
  48  4:57  Probe x2  
  48  5:00  Robotics Facility  
  48  5:01  Stalker x2  
  48  5:03  Stalker  
  54  5:14  Charge (Chrono Boost)  
  54  5:16  Pylon  
  54  5:34  Probe x2  
  56  5:37  Gateway x2  
  56  5:39  Gateway  
  56  5:40  Gateway  
  56  5:42  Pylon  
  56  5:46  Probe, Sentry x2  
  56  5:49  Sentry  
  63  5:58  Probe x2  
  63  5:59  Immortal  
  55  6:10  Probe x2  
  55  6:11  Probe  
  61  6:14  Stalker x3  
  67  6:22  Probe  
  67  6:23  Probe x2  
  70  6:25  Shield Battery  
  70  6:27  Shield Battery  
  70  6:34  Probe  
  70  6:38  Zealot  
  70  6:39  Zealot x2  
  75  6:46  Observer  
  74  6:51  Zealot  
  76  6:54  Pylon  
  76  6:57  Pylon  
  76  6:58  Pylon  
  76  7:08  Observer  
  77  7:12  Probe x3  
  77  7:14  Forge x2  
  77  7:15  Zealot x4  
  84  7:16  Sentry x2  
  84  7:20  Sentry  
  94  7:24  Probe x2  
  94  7:25  Assimilator  
  100  7:48  Pylon  
  100  7:49  Pylon  
  100  7:51  Pylon x2  
  97  7:52  Pylon x2  
  93  8:12  Twilight Council  
  93  8:13  Pylon, Zealot x4  
  93  8:14  Zealot x2  
  105  8:20  Gateway  
  105  8:21  Probe  
  105  8:22  Probe, Gateway  
  105  8:23  Gateway  
  105  8:25  Probe  
  108  8:27  Pylon  
  108  8:33  Robotics Facility  
  108  8:39  Pylon  
  108  8:46  Cybernetics Core  
  98  9:02  Zealot x3  
  82  9:05  Zealot x4  
Tags
 
Add a new tag
Caveats
  • Supply blocks, unpowered buildings, or Contaminate may cause inaccurate times.
  • Supply counts are checked every 10 seconds.